 Dungeon Crawl Stone Soup version 0.17-a0-1132-g5dd4065 (console) character file.

36 Monkaria the Skirmisher (level 3, 22/30 HPs)
             Began as a Demonspawn Chaos Knight on May 25, 2015.
             Quit the game on level 2 of the Dungeon.
             The game lasted 00:02:02 (569 turns).

Monkaria the Skirmisher (Demonspawn Chaos Knight)    Turns: 569, Time: 00:02:02

Health: 22/30      AC:  7    Str: 13    XL:     3   Next: 19%
Magic:  3/3        EV: 11    Int: 13    God:    Xom [.*....]
Gold:   37         SH:  0    Dex: 12    Spells: 0 memorised, 2 levels left

rFire  . . .     SeeInvis .     a - +0 falchion (chaos)
rCold  . . .     Clarity  .     b - +2 leather armour
rNeg   . . .     SustAt   .     (no shield)
rPois  .         Gourm    .     (no helmet)
rElec  .         Spirit   +     (no cloak)
rCorr  .         Warding  .     (no gloves)
rMut   .         Stasis   .     (no boots)
MR     .....                    (no amulet)
Stlth  +.........               (no ring)
                                (no ring)

@: not resistant to hostile enchantments, very unstealthy
A: yellow scales 1, magic shield
a: Renounce Religion


You were on level 2 of the Dungeon.
You worshipped Xom.
You were a plaything of Xom.
You were not hungry.

You visited 1 branch of the dungeon, and saw 2 of its levels.

You collected 37 gold pieces.

Inventory:

Hand weapons
 a - a +0 falchion of chaos (weapon)
Missiles
 i - 16 poisoned needles
Armour
 b - a +2 leather armour (worn)
Magical devices
 j - a wand of digging (16)
Scrolls
 d - 2 scrolls of identify {unknown}
 e - 2 scrolls of remove curse {unknown}
 k - a scroll of teleportation {unknown}
Potions
 f - 2 potions of heal wounds {unknown}
 g - a potion of resistance {unknown}
 l - a potion of flight {unknown}
Comestibles
 c - 2 bread rations
 h - a meat ration


   Skills:
 - Level 4.1 Fighting
 - Level 2.6 Long Blades
 + Level 2.1 Armour
 - Level 0.8 Dodging


You had 2 spell levels left.
You didn't know any spells.

Dungeon Overview and Level Annotations

Branches:
Dungeon (2/15)

Altars:


Innate Abilities, Weirdness & Mutations

You are partially covered in yellow scales (AC +2).
When hurt, damage is shared between your health and your magic reserves.


Message History

You feel stronger.
Your demonic ancestry asserts itself...
Yellow scales grow over part of your body.
Xom thinks this is hilarious!
You hit the hobgoblin. You burn the hobgoblin.
The hobgoblin is heavily wounded.
The hobgoblin hits you but does no damage.
You barely miss the hobgoblin.
The hobgoblin is heavily wounded.
The hobgoblin hits you with a club.
The hobgoblin hits you but does no damage.
You hit the hobgoblin.
You kill the hobgoblin!
You closely miss the goblin. The goblin hits you but does no damage.
You slash the goblin!
You kill the goblin!
No target in view!
No target in view!
Items here: )) †† a dagger; a club; a goblin corpse; a hobgoblin corpse Are you sure you want to abandon this character and quit the game? (Confirm with "yes".)

### ...
#####.###
.......$#
........###
....!...'.#
........#@#
#...#####.#
#.. #.# #.
#.# ####+####
#.#
........###.#
#.......(# .
#.##.#####
#..# #.##.#


There were no monsters in sight!

Vanquished Creatures
  An adder (D:2)
  A giant cockroach (D:1)
  2 goblins
  4 hobgoblins
  2 jackals (D:1)
  2 bats (D:1)
  2 giant newts (D:1)
  16 rats (D:1)
30 creatures vanquished.

Vanquished Creatures (others)
  A hobgoblin (D:1)
1 creature vanquished.

Grand Total: 31 creatures vanquished

Notes
Turn   | Place    | Note
--------------------------------------------------------------
     0 | D:1      | Monkaria the Demonspawn Chaos Knight began the quest for the Orb.
     0 | D:1      | Reached XP level 1. HP: 18/18 MP: 1/1
    35 | D:1      | Gained mutation: When hurt, damage is shared between your health and your magic reserves. [demonic ancestry]
    35 | D:1      | Reached XP level 2. HP: 14/24 MP: 2/2
   280 | D:1      | XOM: harmless Tloc miscast
   294 | D:1      | Reached skill level 4 in Fighting
   425 | D:1      | XOM: god gift: copper wand {god gift}
   467 | D:1      | XOM: silly message
   562 | D:2      | Gained mutation: You are partially covered in yellow scales (AC +2). [demonic ancestry]
   562 | D:2      | Reached XP level 3. HP: 24/30 MP: 3/3
   569 | D:2      | Quit the game

Vault maps used:
D:1:      erik_arrival_orb_chamber

Action                   || total
-------------------------++-------
Melee: Falchion          ||    76
